Map: Submarine LE

Players

liquidthermy (uThermal)

  • Race: Terran Terran
  • Spawn Location: 11:00

Kelazhur - Winner!

  • Race: Terran Terran
  • Spawn Location: 5:00

Event: StayAtHomestory Cup #2

VOD

Have the link to the VOD?

Description

Time

  • Played on: June 11, 2020, 2:45 p.m.
  • Length: 13:33

All games in this series

Show
View Real Time Build Order
Export as new Build Order

liquidthermy Terran 

Build Orders: 1/1/1, Liberator Opening 

Get SALT Encoding   

  12  0:01  SCV  
  13  0:13  SCV  
  14  0:16  Supply Depot  
  14  0:25  SCV  
  14  0:27  Refinery  
  15  0:38  SCV  
  16  0:44  Barracks  
  16  0:50  SCV  
  16  0:54  Refinery  
  17  1:02  SCV  
  18  1:14  SCV  
  19  1:31  Reaper, Orbital Command  
  20  1:34  Factory  
  20  1:43  Supply Depot  
  20  1:56  SCV  
  21  2:03  Barracks Reactor  
  21  2:08  SCV  
  22  2:17  Starport  
  22  2:18  Hellion  
  22  2:20  SCV  
  25  2:27  Supply Depot  
  25  2:33  SCV  
  26  2:39  Hellion, Reaper  
  26  2:40  Reaper  
  30  2:54  Liberator  
  33  2:59  Supply Depot  
  33  3:00  Hellion  
  35  3:11  Reaper  
  35  3:12  Reaper  
  37  3:22  Hellion  
  39  3:32  Command Center  
  39  3:38  Starport Tech Lab  
  39  3:39  SCV  
  40  3:43  Marine, Factory Tech Lab  
  40  3:45  Marine  
  41  3:55  Command Center  
  41  3:57  Raven  
  43  4:05  Supply Depot  
  43  4:08  Marine  
  43  4:09  Marine  
  45  4:26  Marine  
  45  4:27  Marine, Siege Tank  
  50  4:33  Supply Depot  
  50  4:54  Marine x2  
  50  4:55  SCV  
  54  5:07  SCV, Siege Tank  
  54  5:12  Marine x2  
  59  5:19  SCV  
  59  5:30  Marine x2  
  59  5:31  SCV  
  47  5:43  SCV, Siege Tank  
  47  5:48  Marine x2  
  46  5:53  Orbital Command  
  46  5:55  Raven  
  45  6:00  SCV  
  46  6:06  Marine x2  
  48  6:12  SCV  
  48  6:14  Refinery  
  48  6:15  Refinery  
  48  6:16  Siege Tank  
  52  6:19  SCV  
  52  6:23  Marine x2  
  52  6:24  SCV  
  56  6:31  SCV  
  57  6:36  SCV  
  58  6:43  SCV  
  60  6:48  SCV, Siege Tank  
  63  6:55  SCV  
  63  6:57  Barracks x2  
  63  6:58  Engineering Bay  
  63  7:00  SCV  
  65  7:01  Starport Reactor  
  65  7:07  SCV  
  65  7:08  Marine  
  67  7:09  Stimpack  
  67  7:15  SCV  
  68  7:20  SCV  
  68  7:22  Supply Depot  
  69  7:27  SCV  
  69  7:31  Siege Tank  
  69  7:35  SCV  
  69  7:39  SCV  
  70  7:45  Marine x2  
  70  7:46  Starport Reactor, Marine  
  70  7:47  SCV  
  74  7:51  Terran Infantry Weapons Level 1  
  75  8:00  Supply Depot  
  75  8:03  Marine x2  
  76  8:07  Siege Tank  
  76  8:08  Marine  
  76  8:11  Marine  
  81  8:14  Supply Depot  
  81  8:15  Marine  
  83  8:22  Medivac x2  
  83  8:23  Marine  
  83  8:24  Marine  
  88  8:31  Marine x2  
  90  8:39  Supply Depot, Siege Tank  
  93  8:41  Marine  
  93  8:45  Marine  
  93  8:48  Marine  
  96  8:49  Combat Shield  
  96  8:51  Marine  
  96  8:52  Marine  
  98  8:56  Medivac  
  98  8:59  Marine  
  98  9:02  Supply Depot  
  101  9:06  Medivac  
  103  9:10  Marine  
  103  9:11  Siege Tank  
  103  9:14  Supply Depot  
  103  9:15  Marine  
  109  9:18  Marine  
  109  9:22  Supply Depot  
  109  9:26  Medivac  
  111  9:32  Marine x2  
  111  9:35  Marine x2  
  111  9:37  Marine  
  118  9:44  Siege Tank  
  119  9:49  Supply Depot  
  119  9:56  Medivac  
  119  10:01  Medivac, Marine x2  
  119  10:03  Marine  
  119  10:04  Supply Depot  
  124  10:12  Terran Infantry Armor Level 1  
  124  10:13  Marine  
  124  10:14  Marine  
  126  10:16  Siege Tank  
  126  10:19  Marine  
  130  10:22  Marine  
  130  10:27  Marine  
  132  10:31  Marine  
  132  10:32  Marine  
  132  10:33  Medivac  
  136  10:41  Marine  
  125  10:43  Marine  
  125  10:45  Marine  
  125  10:48  Siege Tank  
  127  10:50  Marine x2  
  119  10:59  Marine  
  112  11:06  Liberator x2  
  112  11:07  Marine  
  117  11:14  Marine  
  117  11:18  Marine  
  115  11:20  Siege Tank  
  115  11:21  Marine  
  115  11:22  Marine  
  120  11:29  Marine  
  120  11:31  Command Center  
  121  11:40  Marine  
  121  11:44  Marine  
  121  11:45  Marine  
  124  11:47  Marine  
  124  11:52  Siege Tank  
  129  11:58  Marine  
  128  12:02  Marine x2  
  128  12:04  Liberator  
  128  12:05  Liberator  
  121  12:11  Marine  
  119  12:16  Marine  
  119  12:20  Marine  
  119  12:21  Marine  
  121  12:25  Siege Tank  
  121  12:28  Marine  
  125  12:32  Supply Depot  
  125  12:34  Marine  
  126  12:38  Marine x2  
  128  12:47  Marine  
  128  12:48  Liberator x2  
  135  12:52  Marine  
  135  12:56  Marine x2  
  137  12:59  Siege Tank  
  137  13:04  Marine  
  132  13:10  Marine  
  126  13:13  Marine  
  126  13:14  Marine  
Show
View Real Time Build Order
Export as new Build Order

Kelazhur Terran - Winner!

Build Orders: 1/1/1 

Get SALT Encoding   

  12  0:00  SCV  
  13  0:12  SCV  
  14  0:17  Supply Depot  
  14  0:24  SCV  
  14  0:28  Refinery  
  15  0:38  SCV  
  16  0:43  Barracks  
  16  0:50  SCV  
  16  0:54  Refinery  
  17  1:02  SCV  
  18  1:14  SCV  
  19  1:30  Barracks Reactor, Orbital Command  
  19  1:33  Factory  
  19  1:42  Supply Depot  
  19  1:55  SCV  
  20  2:06  Reaper x2  
  20  2:07  SCV  
  23  2:17  Hellion, Starport  
  23  2:21  Supply Depot  
  25  2:24  SCV  
  26  2:37  SCV  
  26  2:38  Hellion, Reaper x2  
  31  2:50  SCV  
  32  2:56  Medivac  
  34  2:58  Supply Depot  
  34  2:59  Hellion  
  34  3:03  SCV  
  37  3:10  Marine x2  
  39  3:20  SCV  
  39  3:21  Factory Tech Lab  
  40  3:32  Command Center  
  40  3:35  Starport Tech Lab  
  40  3:37  SCV  
  41  3:50  Refinery  
  41  3:54  SCV  
  42  4:00  Marine  
  42  4:01  Marine  
  42  4:02  Raven  
  46  4:07  SCV  
  47  4:14  Supply Depot  
  45  4:36  Siege Tank  
  48  4:38  SCV  
  48  4:41  Marine  
  48  4:44  Marine  
  51  4:50  SCV  
  52  4:59  Viking  
  54  5:00  SCV  
  54  5:03  Orbital Command  
  54  5:06  Marine  
  56  5:09  Marine  
  57  5:18  SCV  
  57  5:20  Siege Tank  
  59  5:29  Supply Depot  
  59  5:30  SCV  
  59  5:31  Marine x2  
  59  5:32  SCV  
  60  5:42  SCV  
  56  5:46  SCV  
  56  5:49  Marine x2  
  52  5:53  Siege Tank  
  52  5:54  SCV  
  53  5:58  SCV  
  53  5:59  Raven  
  56  6:07  Marine x2  
  56  6:09  SCV  
  59  6:14  SCV  
  60  6:21  SCV  
  61  6:26  SCV, Siege Tank  
  65  6:33  SCV  
  65  6:38  SCV  
  65  6:39  Command Center  
  67  6:40  Engineering Bay  
  67  6:45  SCV  
  68  6:50  Barracks  
  68  6:51  SCV, Stimpack, Marine, Barracks  
  70  6:54  Starport Reactor  
  70  6:57  SCV  
  70  6:59  Siege Tank  
  74  7:03  SCV, Refinery  
  74  7:05  Supply Depot  
  74  7:06  Supply Depot  
  75  7:09  SCV  
  75  7:11  Marine  
  75  7:12  Terran Infantry Weapons Level 1  
  75  7:15  SCV  
  77  7:18  Supply Depot  
  77  7:21  SCV  
  78  7:27  SCV  
  78  7:28  Marine  
  80  7:31  Siege Tank  
  80  7:33  SCV  
  80  7:35  Refinery  
  83  7:38  Marine x2  
  83  7:39  SCV  
  85  7:46  SCV, Marine x3, Barracks x2  
  85  7:48  Starport Reactor  
  88  7:53  SCV  
  88  7:56  Orbital Command  
  87  8:04  Armory  
  85  8:07  Marine  
  85  8:10  Marine  
  85  8:12  Marine  
  88  8:13  Marine  
  88  8:16  Orbital Command  
  90  8:24  SCV x2  
  90  8:26  Marine  
  93  8:28  Engineering Bay  
  93  8:29  Medivac  
  93  8:30  Medivac  
  93  8:31  Combat Shield  
  96  8:36  Marine x4  
  96  8:38  Siege Tank  
  103  8:46  SCV x2, Marine  
  106  8:54  Marine x4  
  106  8:55  SCV  
  111  8:59  Barracks Reactor x2, Terran Infantry Armor Level 1  
  111  9:03  SCV  
  111  9:04  Marine  
  111  9:05  SCV  
  114  9:10  SCV  
  114  9:11  Marine  
  114  9:12  Marine  
  114  9:15  Supply Depot, Sensor Tower  
  114  9:16  Supply Depot  
  117  9:25  Terran Infantry Weapons Level 2  
  117  9:27  Supply Depot x2  
  117  9:29  Marine  
  117  9:37  Marine x6  
  123  9:40  SCV x2, Supply Depot  
  123  9:42  Supply Depot  
  123  9:45  Marine  
  126  9:47  Marine  
  127  9:54  Marine  
  127  9:55  Marine x3  
  127  9:59  Refinery  
  131  10:00  Refinery  
  131  10:01  Command Center, Siege Tank  
  134  10:13  Marine x8  
  134  10:14  Marine  
  138  10:30  Marine  
  138  10:31  Marine x3  
  138  10:32  Marine  
  143  10:37  Marine x4  
  131  10:44  Medivac x2  
  131  10:48  Marine  
  131  10:49  Marine x3  
  134  10:50  Marine  
  134  10:55  Marine x4  
  124  11:06  Marine x4  
  124  11:08  Marine  
  126  11:13  Marine x2  
  126  11:15  Marine x2, Siege Tank  
  126  11:16  SCV  
  134  11:24  Marine x4  
  138  11:26  Marine  
  138  11:29  Refinery  
  138  11:31  Marine, Liberator x2  
  146  11:34  Marine x2  
  146  11:35  Marine  
  149  11:42  Marine  
  148  11:47  Siege Tank  
  148  12:03  Marine  
  142  12:15  Marine x4  
  139  12:16  Marine x3  
  139  12:21  Medivac  
  139  12:22  Marine  
  149  12:30  Marine  
  149  12:33  Marine x4  
  149  12:36  Marine x2  
  156  12:41  Supply Depot  
  156  12:42  Supply Depot  
  156  12:45  Supply Depot  
  156  12:51  SCV, Marine  
  156  12:53  SCV  
  153  13:01  Marine  
  153  13:04  Marine  
  151  13:12  Marine x5  
  149  13:13  Marine  
Tags
 
Add a new tag
Caveats
  • Supply blocks, unpowered buildings, or Contaminate may cause inaccurate times.
  • Supply counts are checked every 10 seconds.